Cogmind - Beta 14 @@@ ROGUE MODE // 2024.08.17 @ 18:53:54 Player: GayPredator Result: Self-destructed Performance ------------- Evolutions (7) 3500 Regions Visited (18) 3600 Robots Destroyed (205) 1025 Value Destroyed (13686) 13686 Prototype IDs (27) 540 Alien Tech Used (0) 0 Bonus (10958) 10958 TOTAL SCORE: 33309 Bonus ------- High Alert Combat Kills 3192 Follower Combat Kills 3716 Entered Garrisons 1200 Used RIF Installer 4000 Aligned with FarCom 300 Friendly Fire -1450 Cogmind --------- Core Integrity 1259/1300 Matter 23/300 Energy 34/540 System Corruption 6% Temperature Cool (0) Movement Treading (340) Ox2 Location -3/Research Parts ------- > --- POWER (1) -------- Light Quantum Reactor > --- PROPULSION (4) --- Advanced Heavy Siege Treads > --- UTILITY (11) ----- Advanced Power Amplifier Advanced Cooling System Cargo Storage Unit Energy Well Heavy Insulated Plating Improved Remote Force Field Relay Coupler [NC] (8) Relay Coupler [Sentry] (19) > --- WEAPON (5) ------- Hypervelocity Gauss Cannon Hypervelocity Gauss Cannon Improved Grenade Launcher > --- INVENTORY (30) --- Advanced Heavy Siege Treads Improved Trap Scanner Active Sensor Suite Improved Medium Armor Plating System Shield Relay Coupler [NC] (35) Relay Coupler [Swarmer] (36) Relay Coupler [Brawler] (31) Relay Coupler [Duelist] (31) Relay Coupler [Proto] (9) Trap Reconfigurator Improved Remote Datajack Improved Remote Datajack Plasma Cutter Peak State ------------ > --- POWER ------------ Quantum Reactor > --- PROPULSION ------- Advanced Heavy Siege Treads Advanced Heavy Siege Treads > --- UTILITY ---------- Advanced Cooling System Huge Storage Unit Energy Well Improved Trap Scanner Advanced Weapon Cycler Improved Remote Force Field Relay Coupler [NC] Relay Coupler [Grunt] Trap Reconfigurator > --- WEAPON ----------- Matter Neutralizer Enhanced Nova Cannon Enhanced Nova Cannon Enhanced Nova Cannon Improved Remote Datajack > --- INVENTORY -------- Light Quantum Reactor Advanced Heavy Siege Treads Advanced Heavy Siege Treads Improved Medium Armor Plating Layered Medium Armor Plating Improved Remote Force Field Advanced System Shield Relay Coupler [NC] Relay Coupler [Swarmer] Relay Coupler [Brawler] Relay Coupler [Duelist] Relay Coupler [Sentry] Relay Coupler [Hunter] Relay Coupler [Proto] Enhanced Quantum Rifle Matter Neutralizer Improved Grenade Launcher Rocket Array Improved Remote Datajack Plasma Cutter [Rating: 143] Favorites ----------- Power Quantum Reactor Engine Improved Ion Engine Power Core Fission Core Reactor Quantum Reactor Propulsion Wheel Treads Advanced Heavy Siege Treads Wheel Wheel Utility Huge Storage Unit Device Advanced Weapon Cycler Storage Huge Storage Unit Processor Advanced Targeting Computer Hackware Relay Coupler [Grunt] Protection Improved Light Armor Plating Weapon Enhanced Nova Cannon Energy Gun Heavy EM Pulse Gun Energy Cannon Enhanced Nova Cannon Ballistic Gun Heavy Battle Rifle Ballistic Cannon Flak Cannon Launcher Rocket Array Special Weapon Improved Remote Datajack Special Melee Weapon Improved Datajack Build | -11 -10 -10 -10 -9 -8 -8 -8 -8 -7 -7 -6 -6 -5 -5 -5 -5 -4 -3 ------- Run | Yrd Mat Min Exi Min Mat Gar Mat Gar Fac Gar Fac Gar Fac Gar Fac Gar Fac Res Slots Evolved 14 | . . . . . 4 . . . 2 . 2 . 2 . . . 2 2 Power . | . . . . . . . . . . . . . . . . . . . Propulsion 2 | . . . . . 1 . . . . . . . 1 . . . . . Utility 9 | . . . . . 1 . . . 2 . 2 . . . . . 2 2 Weapon 3 | . . . . . 2 . . . . . . . 1 . . . . . Parts Attached 407 | 8 27 5 . . 19 21 . 35 16 49 18 35 43 50 . 48 19 14 Power 16 | 1 2 . . . 2 1 . 1 . 3 . . 1 4 . . . 1 Engine 8 | 1 2 . . . 2 . . . . 2 . . 1 . . . . . Core 3 | . . . . . . 1 . 1 . . . . . 1 . . . . Reactor 5 | . . . . . . . . . . 1 . . . 3 . . . 1 Propulsion 24 | 2 5 1 . . 1 . . 4 . 3 1 . 2 1 . 3 . 1 Treads 6 | 2 . . . . . . . . . . . . . . . 3 . 1 Leg . | . . . . . . . . . . . . . . . . . . . Wheel 18 | . 5 1 . . 1 . . 4 . 3 1 . 2 1 . . . . Hover . | . . . . . . . . . . . . . . . . . . . Flight . | . . . . . . . . . . . . . . . . . . . Utility 185 | 2 5 . . . 11 6 . 11 9 17 8 15 21 26 . 31 14 9 Device 99 | 1 1 . . . 2 3 . 4 7 8 3 10 13 14 . 22 6 5 Storage 8 | 1 2 . . . . . . . . . . . 1 3 . . 1 . Processor 5 | . 1 . . . 2 . . . . . . . 1 . . . . 1 Hackware 28 | . . . . . . . . 4 1 2 3 2 1 6 . 5 3 1 Protection 45 | . 1 . . . 7 3 . 3 1 7 2 3 5 3 . 4 4 2 Artifact . | . . . . . . . . . . . . . . . . . . . Weapon 182 | 3 15 4 . . 5 14 . 19 7 26 9 20 19 19 . 14 5 3 Energy Gun 19 | 2 8 3 . . . 1 . . . 1 1 2 . . . . 1 . Energy Cannon 57 | . . . . . . 1 . 10 3 11 3 9 10 8 . 1 1 . Ballistic Gun 14 | 1 3 . . . 5 5 . . . . . . . . . . . . Ballistic Cannon 14 | . 3 1 . . . 1 . . 2 3 . . . 2 . . . 2 Launcher 19 | . 1 . . . . 1 . . 1 3 1 2 2 2 . 3 2 1 Special Weapon 54 | . . . . . . 5 . 5 . 8 4 7 7 7 . 10 1 . Impact Weapon . | . . . . . . . . . . . . . . . . . . . Slashing Weapon . | . . . . . . . . . . . . . . . . . . . Piercing Weapon . | . . . . . . . . . . . . . . . . . . . Special Melee Weapon 5 | . . . . . . . . 4 1 . . . . . . . . . Unidentified Prototypes 1 | . . . . . . . . . 1 . . . . . . . . . Parts Lost 38 | . 3 2 . . 2 3 . 4 . 4 1 2 1 4 . 2 4 6 Power 4 | . 1 . . . . 1 . . . 1 . . . . . . . 1 Propulsion 7 | . 1 . . . . . . 2 . 2 . . . 1 . . . 1 Utility 12 | . 1 . . . 1 . . 1 . 1 1 . . 3 . 1 1 2 Weapon 15 | . . 2 . . 1 2 . 1 . . . 2 1 . . 1 3 2 Highest Loss Streak 3 | . 1 1 . . 2 1 . 2 . 3 1 1 1 2 . 1 2 3 To Critical Strikes . | . . . . . . . . . . . . . . . . . . . Average Slot Usage (%) 91 | . 99 99 100 100 94 100 100 98 91 93 87 88 89 85 88 87 84 70 Engine 3 | . 14 14 14 14 9 4 . . . 5 . . 4 1 . . . . Core 1 | . . . . . . 4 9 9 7 1 . . . . . . . . Reactor 2 | . . . . . . . . . . . 6 6 . 3 5 5 5 3 Treads 2 | . 2 . . . . . . . . . . . . . . 9 10 8 Wheel 16 | . 24 28 28 28 22 27 27 26 23 22 13 13 16 10 11 1 . . Device 11 | . 7 . . . . . . 5 14 15 14 19 15 19 23 19 16 14 Storage 9 | . 14 14 14 14 9 9 9 9 7 7 6 6 5 8 11 11 10 9 Processor 2 | . 2 . . . 5 9 9 7 . . . . 4 1 . . . . Hackware 3 | . . . . . . . . 1 . . 11 7 5 1 . 3 11 13 Protection 6 | . 3 14 14 14 12 8 9 1 7 9 7 7 3 4 5 4 3 4 Energy Gun 6 | . 22 27 28 28 16 1 . . . 1 5 5 5 . . . . 2 Energy Cannon 13 | . . . . . . . 9 11 22 21 16 17 16 18 23 22 20 6 Ballistic Gun 4 | . 3 . . . 19 24 18 13 . . . . . . . . . . Ballistic Cannon 2 | . 1 . . . . 6 9 7 5 5 . . . . . . . 1 Launcher 1 | . . . . . . . . . . . . . 5 3 . 1 1 1 Special Weapon 1 | . . . . . . 1 . 2 . 1 2 2 . 3 5 3 3 . Peak Build Rating 143 | 9 15 13 14 14 36 39 35 44 51 63 79 89 88 115 113 137 143 131 Average Rating 66 | 6 11 12 13 14 28 33 34 36 45 46 75 80 80 94 113 127 137 123 On Entrance 54 | . 9 13 13 14 14 32 34 35 38 46 63 79 75 85 113 113 131 122 Naked Turns . | . . . . . . . . . . . . . . . . . . . Heaviest Build 247 | 11 94 94 94 94 108 109 109 122 141 141 156 154 160 178 175 184 247 231 Greatest Support 160 | 40 40 20 20 20 36 36 36 42 40 44 44 44 56 56 44 160 160 160 Greatest Overweight (x) 9 | . 9 4 4 4 5 3 3 4 3 5 3 3 2 6 3 3 1 2 Average Overweight (x) 2 | . 3 4 4 4 3 2 3 2 3 2 3 2 2 2 3 1 1 1 Largest Inventory Capacity 30 | 8 25 25 25 25 25 25 25 25 25 25 25 25 25 25 25 25 30 30 Average Capacity 25 | 7 23 25 25 25 25 25 25 25 25 25 25 25 25 25 25 25 28 30 Most Carried 25 | 4 20 19 20 22 25 25 25 25 25 25 25 25 25 25 25 25 25 21 Average Carried 21 | 3 13 18 19 21 22 24 24 23 22 21 23 24 22 20 25 24 22 19 Final Capacity 30 | 8 25 25 25 25 25 25 25 25 25 25 25 25 25 25 25 25 30 30 Final Carried 25 | 4 19 19 20 22 24 24 25 23 25 25 23 25 25 25 25 24 21 17 Class Distribution -------------------- 21% | Bothacker-Skirmisher 15% | Skirmisher 15% | Mutant 15% | Botlord-Skirmisher 6% | Botlord-Tank 5% | Scavenger-Skirmisher 4% | Bothacker-Gunner 3% | Gunner 3% | Tank 3% | Commander-Skirmisher Dominant Class ---------------- Mutant | -10/Materials Mutant | -10/Mines Mutant | -10/Exiles Mutant | -9/Mines Skirmisher | -8/Materials Skirmisher | -8/Garrison Bothacker-Skirmisher | -8/Materials Scavenger-Skirmisher | -8/Garrison Bothacker-Skirmisher | -7/Factory Bothacker-Skirmisher | -7/Garrison Skirmisher | -6/Factory Bothacker-Gunner | -6/Garrison Bothacker-Skirmisher | -5/Factory Skirmisher | -5/Garrison Botlord-Skirmisher | -5/Factory Botlord-Skirmisher | -5/Garrison Botlord-Tank | -4/Factory Botlord-Tank | -3/Research Resources | -11 -10 -10 -10 -9 -8 -8 -8 -8 -7 -7 -6 -6 -5 -5 -5 -5 -4 -3 ----------- Run | Yrd Mat Min Exi Min Mat Gar Mat Gar Fac Gar Fac Gar Fac Gar Fac Gar Fac Res Matter Collected 7005 | 285 321 58 . . 354 655 61 678 166 938 255 440 701 895 . 761 199 238 Remotely . | . . . . . . . . . . . . . . . . . . . Salvage Created 7938 | 75 662 210 . . 510 638 . 484 112 741 175 847 1203 748 70 682 533 248 Parts 372 | 3 47 16 . . 28 39 . 17 7 28 6 34 51 25 3 33 31 4 Haulers Intercepted . | . . . . . . . . . . . . . . . . . . . Recyclers Shooed 4 | . 1 . . . 1 . . . . . . . 2 . . . . . Parts Field Recycled . | . . . . . . . . . . . . . . . . . . . Retrieved Matter . | . . . . . . . . . . . . . . . . . . . Parts Self-Destructed . | . . . . . . . . . . . . . . . . . . . Prevented . | . . . . . . . . . . . . . . . . . . . Kills | -11 -10 -10 -10 -9 -8 -8 -8 -8 -7 -7 -6 -6 -5 -5 -5 -5 -4 -3 ------- Run | Yrd Mat Min Exi Min Mat Gar Mat Gar Fac Gar Fac Gar Fac Gar Fac Gar Fac Res Combat Hostiles Destroyed 156 | . 13 7 . . 2 18 . 9 2 25 7 19 12 12 1 11 12 6 Guns 41 | . 11 5 . . 2 13 . 4 . . . 3 2 1 . . . . Cannons 61 | . . . . . . 3 . 4 2 13 2 6 3 9 1 10 5 3 AOE 45 | . 2 1 . . . 2 . . . 11 5 8 5 1 . . 7 3 Classes Destroyed 18 | 2 6 . . . 1 3 . 1 . . 2 . 2 . . . 1 . Worker 9 | . 3 1 . . 1 . . . . . . . 3 . . . 1 . Builder 6 | . . . . . . . . . . . . . 4 . . . 1 1 Tunneler 5 | 1 . . . . . . . . . . . . 3 . . . 1 . Recycler 10 | 1 1 . . . 4 . . . . . . . 3 . . . 1 . Mechanic 2 | . 1 . . . . . . . . . . . 1 . . . . . Operator 4 | . 2 . . . . . . . . . . . 2 . . . . . Watcher 8 | . 1 . . . 4 . . . . . 1 . 2 . . . . . Swarmer 36 | . 6 5 . . . 4 . . . 13 . 2 . . . 2 4 . Saboteur 1 | . . . . . . . . . . . . . 1 . . . . . Grunt 63 | . 7 2 . . 1 5 . 4 1 8 3 7 7 7 . 2 4 5 Brawler 6 | . . . . . . 1 . . . . . 1 3 1 . . . . Duelist 7 | . . . . . . 1 . 1 . 2 1 2 . . . . . . Protector 1 | . . . . . . . . . . . 1 . . . . . . . Sentry 19 | . . . . . . 5 . . . 1 . 3 2 5 1 2 . . Hunter 7 | . . . . . 1 2 . . . 1 . 3 . . . . . . Programmer 14 | . . . . . . . . 3 2 . 1 1 2 . . 2 3 . Heavy 1 | . . . . . . . . . . . . . . . . . 1 . Behemoth 5 | . . . . . . . . . . . 1 . . . . 3 . 1 Guerrilla 1 | . . . . . . . . 1 . . . . . . . . . . Best Kill Streak 11 | 1 4 3 . . 4 4 . 3 1 6 6 6 11 3 1 2 5 5 Combat Bots Only 6 | . 3 3 . . 1 4 . 3 1 6 6 6 4 3 1 2 4 5 Max Kills in Single Turn 7 | 1 2 1 . . 1 3 . 2 1 4 3 3 7 2 1 2 5 2 Gunslinging . | . . . . . . . . . . . . . . . . . . . Exploded 4 | . 1 1 . . . 2 . . . 4 3 3 2 1 . . 4 2 Melee . | . . . . . . . . . . . . . . . . . . . Uniques/NPCs Destroyed . | . . . . . . . . . . . . . . . . . . . Combat | -11 -10 -10 -10 -9 -8 -8 -8 -8 -7 -7 -6 -6 -5 -5 -5 -5 -4 -3 -------- Run | Yrd Mat Min Exi Min Mat Gar Mat Gar Fac Gar Fac Gar Fac Gar Fac Gar Fac Res Hostile Shots Fired 814 | . 50 19 . . 17 49 . 50 . 69 69 71 22 78 . 62 154 104 Missed 270 | . 17 5 . . 3 9 . 19 . 17 20 32 7 22 . 21 75 23 Damage Taken 10095 | . 531 157 . . 229 527 . 522 89 861 731 712 568 1168 . 1115 1438 1447 Core 1316 | . 104 10 . . 34 126 . 63 . 140 69 68 57 91 . 145 368 41 Absorbed by Shields 659 | . . . . . . . . 20 . . . 12 . 89 . 14 236 288 Reduced by Siege Mode 235 | . . . . . . . . . . . . . . . . . . 235 Ignored by Resistances 291 | . . . . . . . . . . . 59 . . 32 . 3 . 197 Core Remaining (%) 73 | 100 . . . 54 . . . 59 . 80 . 83 . . . 70 68 . Volleys Fired 570 | 5 53 13 . . 23 47 4 50 6 69 25 35 55 70 1 58 29 27 Largest 5 | 2 2 2 . . 4 4 4 4 4 4 4 4 5 4 3 4 4 3 Hottest 480 | 60 90 90 . . 148 167 167 228 243 335 335 335 380 480 360 480 465 227 Shots Fired 1199 | 10 96 22 . . 78 127 16 110 20 131 55 78 110 127 3 113 53 50 Gun 408 | 10 87 20 . . 78 94 8 38 . 4 5 17 36 5 . . . 6 Cannon 566 | . 7 2 . . . 22 8 53 20 88 34 48 53 83 3 73 39 33 Launcher 42 | . 2 . . . . 2 . . . 4 4 3 5 3 . 3 5 11 Special 183 | . . . . . . 9 . 19 . 35 12 10 16 36 . 37 9 . Kinetic 293 | 5 16 2 . . 51 107 12 55 4 19 . . . 6 . . . 16 Thermal 590 | 5 27 . . . . 11 4 55 16 73 39 65 80 76 3 74 39 23 Explosive 42 | . 2 . . . . 2 . . . 4 4 3 5 3 . 3 5 11 Electromagnetic 120 | . 51 20 . . 27 7 . . . . . . 9 6 . . . . Robot Hit Streak 30 | 3 12 18 . . 6 9 7 26 5 21 6 16 17 25 3 22 30 7 Robot Miss Streak 9 | 2 3 1 . . 8 9 5 7 2 4 4 3 5 3 . 3 2 3 Penetration Max 1 | . . . . . . . . . . . . . . . . . . 1 Secondary Targets 2 | . . . . . 1 1 . . . . . . . . . . . . Max Gunslinging Chain 1 | . . . . . 1 1 . . . . . . . . . . . . Shots Hit Robots 772 | 6 65 14 . . 37 57 11 77 16 84 32 51 83 94 2 79 34 30 Core Hits 505 | 3 27 8 . . 17 39 5 35 3 38 37 53 100 44 2 16 45 33 Critical Kills 3 | . . . . . . . . 1 . 1 . . . 1 . . . . Critical Parts Destroyed 7 | . . . . . 1 . . . . . . . . . . . . 6 Critical Strikes 18 | . 2 1 . . 4 . . 1 1 2 . . . 1 . . . 6 Meltdown 3 | . . . . . . . . 1 . 1 . . . 1 . . . . Destroy 7 | . . . . . 1 . . . . . . . . . . . . 6 Blast 2 | . . . . . . . . . 1 1 . . . . . . . . Corrupt 6 | . 2 1 . . 3 . . . . . . . . . . . . . Melee Attacks 9 | . . . . . . . . 7 2 . . . . . . . . . Impact . | . . . . . . . . . . . . . . . . . . . Slashing . | . . . . . . . . . . . . . . . . . . . Piercing . | . . . . . . . . . . . . . . . . . . . Sneak Attacks . | . . . . . . . . . . . . . . . . . . . Combat Hostiles . | . . . . . . . . . . . . . . . . . . . Follow-up Attacks . | . . . . . . . . . . . . . . . . . . . Damage Inflicted 25714 | 61 1166 281 . . 759 1291 211 1484 430 2281 2070 2512 4139 2827 86 2274 1998 1844 Guns 5086 | 61 801 187 . . 711 901 79 465 . 106 139 450 845 157 . . . 184 Cannons 12359 | . 102 18 . . . 215 132 821 430 1535 764 1184 1129 2152 86 2103 1038 650 Explosions 8071 | . 263 76 . . 48 175 . . . 640 1167 878 2165 518 . 171 960 1010 Melee . | . . . . . . . . . . . . . . . . . . . Ramming . | . . . . . . . . . . . . . . . . . . . Kinetic 3007 | 26 141 18 . . 438 1039 130 723 61 223 . . . 30 . . . 178 Thermal 13700 | 35 356 76 . . 48 28 81 761 369 1418 903 1634 1877 2231 86 2103 1038 656 Explosive 7784 | . 127 . . . . 175 . . . 640 1167 878 2138 518 . 171 960 1010 Electromagnetic 1223 | . 542 187 . . 273 49 . . . . . . 124 48 . . . . Impact . | . . . . . . . . . . . . . . . . . . . Slashing . | . . . . . . . . . . . . . . . . . . . Piercing . | . . . . . . . . . . . . . . . . . . . Highest Corruption 6 | . . . . . . . . 1 2 2 . 1 . . . . 1 6 Average Corruption 1 | . . . . . . . . 1 1 2 . 1 . . . . 1 3 Corruption Purged . | . . . . . . . . . . . . . . . . . . . Corruption Blocked . | . . . . . . . . . . . . . . . . . . . Effects 39 | . . . . . . . . 4 5 23 . 6 . . . . 1 . Message Errors 9 | . . . . . . . . 1 . 5 . 3 . . . . . . Matter Fused 9 | . . . . . . . . 1 1 6 . 1 . . . . . . Heat Flow Errors 7 | . . . . . . . . 1 2 4 . . . . . . . . Energy Discharges 2 | . . . . . . . . . . 2 . . . . . . . . Parts Rejected 2 | . . . . . . . . . 1 1 . . . . . . . . Data Loss (minor) 5 | . . . . . . . . 1 . 3 . . . . . . 1 . Data Loss (major) 2 | . . . . . . . . . 1 . . 1 . . . . . . Misfires 1 | . . . . . . . . . . . . 1 . . . . . . Weapon Failures 2 | . . . . . . . . . . 2 . . . . . . . . Overload Shots . | . . . . . . . . . . . . . . . . . . . Overflow Damage 430 | . 36 . . . . . 4 . 50 99 60 23 6 32 . 65 29 26 Projectiles 283 | . 12 . . . . . 4 . 50 76 23 23 2 11 . 54 28 . Explosions 147 | . 24 . . . . . . . . 23 37 . 4 21 . 11 1 26 Melee . | . . . . . . . . . . . . . . . . . . . Knockbacks 23 | . 1 . . . . 2 4 11 . 3 . . . . . . . 2 Impact . | . . . . . . . . . . . . . . . . . . . Kinetic 22 | . 1 . . . . 2 4 11 . 2 . . . . . . . 2 Secondary 1 | . . . . . . . . . . 1 . . . . . . . . Self-Inflicted Damage 560 | . 46 20 . . . . . . . 28 . 133 148 17 . 15 153 . Shots 23 | . 2 1 . . . . . . . 2 . 6 3 1 . 1 7 . Rammed . | . . . . . . . . . . . . . . . . . . . Targets Rammed . | . . . . . . . . . . . . . . . . . . . Kicked . | . . . . . . . . . . . . . . . . . . . Crushed . | . . . . . . . . . . . . . . . . . . . Highest Temperature 704 | 20 281 144 . . 281 241 275 471 366 509 204 300 462 670 172 521 704 536 Average Temperature 139 | 13 81 66 . . 78 84 116 131 128 159 102 117 158 218 98 202 273 216 Received Heat Transfer 2252 | . 144 18 . . 72 108 . 249 . 57 186 150 75 336 . 201 25 631 Effects 54 | . . . . . . . . 1 . 4 . 1 5 21 . 3 13 6 Shutdowns 8 | . . . . . . . . . . 1 . . 1 3 . 1 1 1 Energy Bleed 7 | . . . . . . . . . . . . 1 1 2 . 2 1 . Interference 15 | . . . . . . . . . . . . . 2 8 . . 2 3 Matter Decay 3 | . . . . . . . . . . . . . 1 2 . . . . Short Circuit 4 | . . . . . . . . 1 . . . . . 1 . . 1 1 Damage (minor) 4 | . . . . . . . . . . 3 . . . . . . . 1 Damage (major) 11 | . . . . . . . . . . . . . . 5 . . 6 . Damage (core) 2 | . . . . . . . . . . . . . . . . . 2 . Siege Activations 1 | . . . . . . . . . . . . . . . . . . 1 Total Turns 40 | . . . . . . . . . . . . . . . . . . 40 Longest Duration 40 | . . . . . . . . . . . . . . . . . . 40 Robots Corrupted 1 | . . 1 . . . . . . . . . . . . . . . . Combat Hostiles 1 | . . 1 . . . . . . . . . . . . . . . . Parts Fried 7 | . 3 . . . 4 . . . . . . . . . . . . . Impact Corruptions . | . . . . . . . . . . . . . . . . . . . Robots Melted 8 | . . . . . . . . 1 . 1 . 2 2 1 . 1 . . Combat Hostiles 8 | . . . . . . . . 1 . 1 . 2 2 1 . 1 . . Parts Melted 39 | . . . . . . . . 5 . 5 1 7 11 2 . 4 3 1 Heat Transferred 15427 | 75 750 100 . . 50 37 111 877 444 1742 916 1997 3022 1995 74 1683 851 703 Parts Sabotaged . | . . . . . . . . . . . . . . . . . . . Parts Stolen . | . . . . . . . . . . . . . . . . . . . Parts Stripped . | . . . . . . . . . . . . . . . . . . . Power Chain Reactions 5 | . 3 1 . . 1 . . . . . . . . . . . . . Alert | -11 -10 -10 -10 -9 -8 -8 -8 -8 -7 -7 -6 -6 -5 -5 -5 -5 -4 -3 ------- Run | Yrd Mat Min Exi Min Mat Gar Mat Gar Fac Gar Fac Gar Fac Gar Fac Gar Fac Res Peak Influence 2579 | 10 194 110 . . 122 809 515 985 574 1490 904 1567 911 1333 827 2579 1724 976 Initial 1353 | . 6 40 . . . 62 393 334 516 214 781 632 822 617 699 578 1353 822 Average 783 | 4 101 52 . . 51 399 456 616 429 958 822 1028 773 865 765 1769 1428 858 Maximum Alert Level 5 | . . . . . . 3 2 3 2 4 3 4 3 4 3 5 5 3 Low Security (%) 22 | 100 100 100 . 100 100 24 . . . . . . . . . . . . Level 1 5 | . . . . . . 24 2 7 42 3 . . . . . . . . Level 2 19 | . . . . . . 41 97 55 57 17 1 17 20 28 36 2 . . Level 3 28 | . . . . . . 10 . 37 . 37 98 43 79 58 63 10 . 100 Level 4 15 | . . . . . . . . . . 41 . 38 . 12 . 22 91 . Level 5 9 | . . . . . . . . . . . . . . . . 64 8 . High Security . | . . . . . . . . . . . . . . . . . . . Max Security . | . . . . . . . . . . . . . . . . . . . Squads Dispatched 36 | . 4 . . . 3 . 2 . 5 . 2 . 8 . 1 . 9 2 Investigation 8 | . 1 . . . 1 . 1 . 2 . . . 1 . . . 2 . Extermination 7 | . . . . . . . . . 2 . 1 . 1 . . . 2 1 Reinforcement 8 | . 3 . . . . . . . . . . . 2 . . . 3 . Assault 7 | . . . . . . . . . 1 . 1 . 2 . . . 2 1 Garrison 6 | . . . . . 2 . 1 . . . . . 2 . 1 . . . Intercept . | . . . . . . . . . . . . . . . . . . . Searches Triggered . | . . . . . . . . . . . . . . . . . . . Construction Impeded 1 | . . . . . . . . . . . . . . . . . 1 . Haulers Reinforced . | . . . . . . . . . . . . . . . . . . . Active Scanning Responses . | . . . . . . . . . . . . . . . . . . . Cargo Convoy Interrupts 1 | . . . . . . . . . 1 . . . . . . . . . Alert ID Control Effect 37 | . . . . . . . . . 1 . . . 5 5 . 19 7 . Stealth | -11 -10 -10 -10 -9 -8 -8 -8 -8 -7 -7 -6 -6 -5 -5 -5 -5 -4 -3 --------- Run | Yrd Mat Min Exi Min Mat Gar Mat Gar Fac Gar Fac Gar Fac Gar Fac Gar Fac Res Distress Signals 3 | . . . . . 1 . . . . . 1 . . . . . 1 . Communications Jammed . | . . . . . . . . . . . . . . . . . . . Distress Signals . | . . . . . . . . . . . . . . . . . . . Times Spotted 353 | . 23 8 . . 14 16 4 18 6 44 17 23 39 35 1 63 30 12 Peak Tracking Total 9 | . 3 3 . . 2 4 3 5 2 7 7 6 5 9 1 8 6 6 Tactical Retreats 16 | . . . . . 2 1 . 1 . 4 . 2 . 3 . 1 1 1 Traps | -11 -10 -10 -10 -9 -8 -8 -8 -8 -7 -7 -6 -6 -5 -5 -5 -5 -4 -3 ------- Run | Yrd Mat Min Exi Min Mat Gar Mat Gar Fac Gar Fac Gar Fac Gar Fac Gar Fac Res Traps Triggered 17 | . 2 . . . . 2 . 5 2 . 1 4 1 . . . . . Indirectly . | . . . . . . . . . . . . . . . . . . . Trap Hack Attempts . | . . . . . . . . . . . . . . . . . . . Triggered . | . . . . . . . . . . . . . . . . . . . Disarmed . | . . . . . . . . . . . . . . . . . . . Reprogrammed . | . . . . . . . . . . . . . . . . . . . Reused 11 | . . . . . . . . . . . . 4 . . . . 7 . Traps Reconfigurated 105 | . . . . . 4 14 . 1 9 19 . 14 9 6 . 19 9 1 Traps Extracted . | . . . . . . . . . . . . . . . . . . . Installed . | . . . . . . . . . . . . . . . . . . . Triggered 13 | . . . . . . . . . 2 . . 4 . . . . 7 . Machines | -11 -10 -10 -10 -9 -8 -8 -8 -8 -7 -7 -6 -6 -5 -5 -5 -5 -4 -3 ---------- Run | Yrd Mat Min Exi Min Mat Gar Mat Gar Fac Gar Fac Gar Fac Gar Fac Gar Fac Res Machines Disabled 46 | . 3 . . . 1 5 . 5 . 8 2 4 3 4 . 11 . . Max in Single Turn 2 | . 1 . . . 1 1 . 1 . 1 2 1 2 1 . 1 . . Garrison Access 1 | . . . . . . . . . . . . . 1 . . . . . Garrison Relay 26 | . . . . . . 5 . 4 . 3 . 4 . 4 . 6 . . Phase Generator 4 | . . . . . . . . 1 . 1 . 1 . . . 1 . . Machines Repaired . | . . . . . . . . . . . . . . . . . . . Machines Dismantled 27 | . . . . . . 5 . 5 . 3 . 4 . 4 . 6 . . Machines Sabotaged . | . . . . . . . . . . . . . . . . . . . Overloaded Fab Kills . | . . . . . . . . . . . . . . . . . . . Hacking | -11 -10 -10 -10 -9 -8 -8 -8 -8 -7 -7 -6 -6 -5 -5 -5 -5 -4 -3 --------- Run | Yrd Mat Min Exi Min Mat Gar Mat Gar Fac Gar Fac Gar Fac Gar Fac Gar Fac Res Machines Accessed 52 | . 4 . 2 . 6 3 2 2 7 2 3 1 7 3 1 2 6 1 Terminals 32 | . 3 . . . 4 3 1 2 4 2 2 1 2 3 . 2 3 . Fabricators 4 | . . . . . . . . . . . . . 1 . . . 3 . Repair Stations 1 | . 1 . . . . . . . . . . . . . . . . . Recycling Units 3 | . . . . . . . . . 1 . . . 1 . . . . 1 Scanalyzers 2 | . . . . . 1 . . . . . . . 1 . . . . . Garrison Access 8 | . . . . . 1 . 1 . 2 . 1 . 2 . 1 . . . Total Hacks 122 | . 14 . 2 . 18 6 5 7 12 8 6 3 12 4 1 4 19 1 Successful 56 | . 6 . 2 . 8 3 2 1 6 1 4 1 7 3 1 2 8 1 Failed 65 | . 7 . . . 10 3 3 6 6 7 2 2 5 1 . 2 11 . Catastrophic 5 | . . . . . . . . . 3 1 . . . . . . 1 . Database Lockouts 1 | . 1 . . . . . . . . . . . . . . . . . Manual 41 | . 12 . 1 . 2 . 4 . 7 . 4 . 6 . . . 5 . Terminals 93 | . 13 . . . 15 6 4 7 8 8 5 3 6 4 . 4 10 . Fabricators 10 | . . . . . . . . . . . . . 1 . . . 9 . Repair Stations 1 | . 1 . . . . . . . . . . . . . . . . . Recycling Units 4 | . . . . . . . . . 2 . . . 1 . . . . 1 Scanalyzers 4 | . . . . . 2 . . . . . . . 2 . . . . . Garrison Access 8 | . . . . . 1 . 1 . 2 . 1 . 2 . 1 . . . Terminal Hacks 24 | . 3 . 2 . 3 3 . 1 1 1 1 1 1 3 . 2 2 . Record 2 | . 1 . 1 . . . . . . . . . . . . . . . Part Schematic 2 | . 1 . . . . . . . . . . . 1 . . . . . Prototype ID Bank 1 | . . . . . 1 . . . . . . . . . . . . . Open Door 2 | . . . . . . 1 . . . . . . . 1 . . . . Open DSF 1 | . . . . . . . . . 1 . . . . . . . . . Emergency Access Points 4 | . . . . . . 1 . . . . . 1 . 1 . 1 . . Terminal Index 2 | . . . . . . . . . . . 1 . . . . . 1 . Alert Level 1 | . . . . . 1 . . . . . . . . . . . . . Zone Layout 3 | . 1 . . . 1 . . . . . . . . . . . 1 . Garrison Registry 2 | . . . . . . . . . . 1 . . . 1 . . . . Patrol Navigation 1 | . . . . . . . . 1 . . . . . . . . . . Security Stations 2 | . . . . . . 1 . . . . . . . . . 1 . . Derelict Proto ID Bank 1 | . . . 1 . . . . . . . . . . . . . . . Fabricator Hacks 4 | . . . . . . . . . . . . . 1 . . . 3 . Network Status 2 | . . . . . . . . . . . . . 1 . . . 1 . Load Schematic 1 | . . . . . . . . . . . . . . . . . 1 . Build 1 | . . . . . . . . . . . . . . . . . 1 . Repair Station Hacks . | . . . . . . . . . . . . . . . . . . . Recycling Unit Hacks 2 | . . . . . . . . . . . . . 1 . . . . 1 Report Inventory 2 | . . . . . . . . . . . . . 1 . . . . 1 Scanalyzer 4 | . . . . . 2 . . . . . . . 2 . . . . . Insert Component 2 | . . . . . 1 . . . . . . . 1 . . . . . Analyze 2 | . . . . . 1 . . . . . . . 1 . . . . . Garrison Access Hacks 8 | . . . . . 1 . 1 . 2 . 1 . 2 . 1 . . . Unlock Access 7 | . . . . . 1 . 1 . 2 . 1 . 1 . 1 . . . Seal Access 1 | . . . . . . . . . . . . . 1 . . . . . Unauthorized Hacks 14 | . 3 . . . 2 . 1 . 3 . 2 . . . . . 3 . Terminals 13 | . 3 . . . 2 . 1 . 3 . 2 . . . . . 2 . Assimilate 2 | . . . . . . . . . 1 . 1 . . . . . . . Botnet 10 | . 2 . . . 2 . 1 . 2 . 1 . . . . . 2 . Skim 1 | . 1 . . . . . . . . . . . . . . . . . Fabricators 1 | . . . . . . . . . . . . . . . . . 1 . Fabnet 1 | . . . . . . . . . . . . . . . . . 1 . Repair Stations . | . . . . . . . . . . . . . . . . . . . Recycling Units . | . . . . . . . . . . . . . . . . . . . Scanalyzers . | . . . . . . . . . . . . . . . . . . . Garrison Access . | . . . . . . . . . . . . . . . . . . . Data Cores Recovered 1 | . . . . . . . 1 . . . . . . . . . . . Used 1 | . . . . . . . 1 . . . . . . . . . . . Hacking Detections 38 | . 4 . . . 5 3 2 1 5 2 2 . 3 2 1 1 6 1 Full Trace Events 13 | . 3 . . . 1 . 1 1 2 2 . . 1 . . . 2 . Feedback Events 1 | . . . . . . . . . 1 . . . . . . . . . Corruption 1 | . . . . . . . . . 1 . . . . . . . . . Feedback Blocked . | . . . . . . . . . . . . . . . . . . . Robot Schematics Acquired . | . . . . . . . . . . . . . . . . . . . Robots Built . | . . . . . . . . . . . . . . . . . . . Authchips . | . . . . . . . . . . . . . . . . . . . Time . | . . . . . . . . . . . . . . . . . . . Total Robot Build Rating . | . . . . . . . . . . . . . . . . . . . Part Schematics Acquired 4 | . 1 . . . 1 . . . . . . . 2 . . . . . Parts Built 1 | . . . . . . . . . . . . . . . . . 1 . Authchips . | . . . . . . . . . . . . . . . . . . . Time 25 | . . . . . . . . . . . . . . . . . 25 . Total Part Build Rating 1 | . . . . . . . . . . . . . . . . . 1 . Parts Repaired . | . . . . . . . . . . . . . . . . . . . Time . | . . . . . . . . . . . . . . . . . . . Parts Recycled . | . . . . . . . . . . . . . . . . . . . Recycled Matter . | . . . . . . . . . . . . . . . . . . . Retrieved Matter . | . . . . . . . . . . . . . . . . . . . Retrieved Components . | . . . . . . . . . . . . . . . . . . . Parts Scanalyzed 2 | . . . . . 1 . . . . . . . 1 . . . . . Part Schematics Acquired 2 | . . . . . 1 . . . . . . . 1 . . . . . Parts Damaged . | . . . . . . . . . . . . . . . . . . . Bothacking | -11 -10 -10 -10 -9 -8 -8 -8 -8 -7 -7 -6 -6 -5 -5 -5 -5 -4 -3 ------------ Run | Yrd Mat Min Exi Min Mat Gar Mat Gar Fac Gar Fac Gar Fac Gar Fac Gar Fac Res Used RIF Installer 8 | . . . . . . 1 . 2 . 1 . 2 . 1 . 1 . . Hotswap 1 | . . . . . . . . . . 1 . . . . . . . . Command Fork 1 | . . . . . . . . . . . . 1 . . . . . . Watcher Feeds 1 | . . . . . . . . . . . . . . . . 1 . . Patrol Navigation 1 | . . . . . . . . . . . . 1 . . . . . . Alert ID Control 1 | . . . . . . . . 1 . . . . . . . . . . Structural Interface 1 | . . . . . . . . 1 . . . . . . . . . . Program Shield 1 | . . . . . . . . . . . . . . 1 . . . . Robots Hacked 66 | . . . . . . . . 6 2 6 5 5 10 13 . 15 4 . Non-combat 7 | . . . . . . . . . . . 3 . 3 . . . 1 . Combat 59 | . . . . . . . . 6 2 6 2 5 7 13 . 15 3 . Robot Hacks Applied 70 | . . . . . . . . 6 2 6 5 5 13 13 . 15 5 . no_distress 1 | . . . . . . . . . . . . . 1 . . . . . map_earth 2 | . . . . . . . . . . . 1 . 1 . . . . . drop_inventory 1 | . . . . . . . . . . . . . 1 . . . . . purge_threat 3 | . . . . . . . . . . . . . 2 . . . 1 . locate_traps 1 | . . . . . . . . . . . . . 1 . . . . . map_route 2 | . . . . . . . . . . . 2 . . . . . . . amplify_resonance 2 | . . . . . . . . . . . . . . 1 . 1 . . reboot_system 3 | . . . . . . . . 1 . 1 . . . . . 1 . . overwrite_iff 8 | . . . . . . . . 1 . 1 . . 2 2 . 1 1 . streamctrl_high 3 | . . . . . . . . 1 1 . . . . 1 . . . . formatsys_high 44 | . . . . . . . . 3 1 4 2 5 5 9 . 12 3 . Relay Couplers Released 99 | . . . . . . 18 . 17 . 11 . 14 . 17 . 22 . . Machine Destruction 95 | . . . . . . 18 . 13 . 11 . 14 . 17 . 22 . . Programmers 4 | . . . . . . . . 4 . . . . . . . . . . Attached 26 | . . . . . . . . 4 1 2 2 2 1 6 . 5 2 1 Fabnet Peak Effective % . | . . . . . . . . . . . . . . . . . . . Robots Rewired 20 | . . . . . . . . . . 9 . . . 5 . 6 . . Allies Hacked . | . . . . . . . . . . . . . . . . . . . Hacks Repelled . | . . . . . . . . . . . . . . . . . . . Allies | -11 -10 -10 -10 -9 -8 -8 -8 -8 -7 -7 -6 -6 -5 -5 -5 -5 -4 -3 -------- Run | Yrd Mat Min Exi Min Mat Gar Mat Gar Fac Gar Fac Gar Fac Gar Fac Gar Fac Res Total Allies 93 | . . . . 3 . 2 . 7 3 14 3 5 7 22 . 22 5 . Largest Group 14 | . . . . 3 3 2 2 2 2 6 4 3 5 9 9 12 14 . Highest-Rated Group 628 | . . . . 40 40 70 70 70 32 141 111 87 145 486 486 628 563 . Highest-Rated Ally 95 | . . . . 16 16 39 39 39 16 32 32 41 29 95 95 95 58 . Total Orders 16 | . . . . . 2 . . 2 5 . 3 2 . 2 . . . . STAY 10 | . . . . . 1 . . 1 4 . 2 1 . 1 . . . . FOLLOW 6 | . . . . . 1 . . 1 1 . 1 1 . 1 . . . . Ally Attacks 662 | . . . . . 24 10 11 44 4 71 38 17 82 45 7 199 110 . Total Damage 15688 | . . . . . 262 85 148 593 45 1702 750 589 1361 1256 167 5968 2762 . Kills 121 | . . . . . 6 1 4 6 1 12 3 1 8 11 1 49 18 . Allies Corrupted 2 | . . . . . . . . . . . . . 1 . . . 1 . Allies Melted 1 | . . . . . . . . . . . . . . . . 1 . . Intel | -11 -10 -10 -10 -9 -8 -8 -8 -8 -7 -7 -6 -6 -5 -5 -5 -5 -4 -3 ------- Run | Yrd Mat Min Exi Min Mat Gar Mat Gar Fac Gar Fac Gar Fac Gar Fac Gar Fac Res Robot Analysis Total . | . . . . . . . . . . . . . . . . . . . Derelict Logs Recovered 2 | . . 2 . . . . . . . . . . . . . . . . Drone Launches . | . . . . . . . . . . . . . . . . . . . Drone Recoveries . | . . . . . . . . . . . . . . . . . . . Exploration | -11 -10 -10 -10 -9 -8 -8 -8 -8 -7 -7 -6 -6 -5 -5 -5 -5 -4 -3 ------------- Run | Yrd Mat Min Exi Min Mat Gar Mat Gar Fac Gar Fac Gar Fac Gar Fac Gar Fac Res Turns Passed 17081 | 134 985 827 301 399 1042 1300 69 1387 990 1324 657 1449 1104 1514 110 2287 864 338 Spaces Moved 8578 | 69 505 538 215 272 523 670 40 699 628 647 348 767 649 719 51 856 293 89 Core 8 | 8 . . . . . . . . . . . . . . . . . . Treads 1146 | 61 53 . . . . . . . . . . . . . . 650 293 89 Legs . | . . . . . . . . . . . . . . . . . . . Wheels 7424 | . 452 538 215 272 523 670 40 699 628 647 348 767 649 719 51 206 . . Hover . | . . . . . . . . . . . . . . . . . . . Flight . | . . . . . . . . . . . . . . . . . . . Fastest Speed 50 | 50 135 140 140 140 116 116 131 116 138 123 141 129 125 130 146 146 250 250 Average Speed 149 | 147 141 140 140 140 136 117 131 125 138 138 145 142 125 144 146 225 250 252 Slowest Speed 340 | 160 215 140 140 140 155 131 131 150 138 170 146 146 130 190 146 340 250 340 Overloaded Moves . | . . . . . . . . . . . . . . . . . . . Propulsion Burnouts . | . . . . . . . . . . . . . . . . . . . Robots Hopped . | . . . . . . . . . . . . . . . . . . . Cave-ins Triggered . | . . . . . . . . . . . . . . . . . . . Exploration Rate (%) 46 | 7 69 95 61 56 44 85 3 57 13 82 8 80 19 88 3 97 13 5 Regions Visited 18 Branch Regions 3 Pre-discovered Areas 1 | . . . 1 . . . . . . . . . . . . . . . Known Exits Taken 6 | . . . . . 1 . 1 . 1 . 1 . 1 . 1 . . . Unknown Exits Taken 6 | 1 1 1 1 1 . . . . . . . . . . . . 1 . Scrap Searched 1 | . . 1 . . . . . . . . . . . . . . . . Spaces Dug 6 | . . . . . . . . . 1 . 1 . 3 . . . 1 . Terrain Destroyed 554 | . 26 6 . . 8 3 2 . 5 38 108 22 80 73 1 47 119 16 Melee . | . . . . . . . . . . . . . . . . . . . Projectile 88 | . . . . . 5 . 2 . 5 6 9 6 9 14 1 17 13 1 AOE 466 | . 26 6 . . 3 3 . . . 32 99 16 71 59 . 30 106 15 Terrain Rammed . | . . . . . . . . . . . . . . . . . . . Walls Destroyed . | . . . . . . . . . . . . . . . . . . . Machines Disabled . | . . . . . . . . . . . . . . . . . . . Actions | -11 -10 -10 -10 -9 -8 -8 -8 -8 -7 -7 -6 -6 -5 -5 -5 -5 -4 -3 --------- Run | Yrd Mat Min Exi Min Mat Gar Mat Gar Fac Gar Fac Gar Fac Gar Fac Gar Fac Res Total 11719 | 89 673 589 215 290 806 1057 46 1024 734 952 456 1042 876 1119 85 1109 399 158 Wait 1622 | 2 63 31 . 17 200 280 1 131 66 144 47 142 96 216 33 85 48 20 Move 8565 | 68 504 537 214 271 523 669 40 698 628 646 348 766 648 718 51 855 292 89 Hop . | . . . . . . . . . . . . . . . . . . . Pick Up 155 | 5 19 2 1 2 19 10 1 9 8 8 4 12 14 21 . 15 3 2 Fast Attach 67 | 7 3 1 . . 10 . . 2 5 11 2 2 8 7 . 4 1 4 Attach 100 | . 3 2 . . 5 3 . 9 2 8 6 4 11 21 . 9 10 7 Detach 31 | . 1 . . . . . . . . 5 1 2 6 10 . 2 2 2 Swap 240 | 1 21 2 . . 4 18 . 24 9 30 10 29 24 22 . 35 8 3 Drop 140 | 1 6 1 . . 22 7 . 10 7 12 5 8 14 22 . 15 6 4 Fire 570 | 5 53 13 . . 23 47 4 50 6 69 25 35 55 70 1 58 29 27 Melee 9 | . . . . . . . . 7 2 . . . . . . . . . Ram . | . . . . . . . . . . . . . . . . . . . Kick . | . . . . . . . . . . . . . . . . . . . Crush . | . . . . . . . . . . . . . . . . . . . Escape Stasis 79 | . . . . . . 8 . 39 . . 8 24 . . . . . . Rewire 10 | . . . . . . . . 8 1 1 . . . . . . . . Trap . | . . . . . . . . . . . . . . . . . . . Miscellaneous 131 | . . . . . . 15 . 37 . 18 . 18 . 12 . 31 . . Route ------- -11/Scrapyard -10/Materials (discovered 5 exits: [*Mat x2] / [*Min x2] / [*Sub]) -10/Mines (discovered 3 exits: [*Mat x2] / *Exi) -10/Exiles -9/Mines -8/Materials (discovered 2 exits: *Fac / Gar) -8/Garrison (discovered 3 exits: *Mat x3) -8/Materials -8/Garrison (discovered 2 exits: *Fac x2) -7/Factory (discovered 2 exits: Gar / Gar) -7/Garrison (discovered 3 exits: *Fac x3) -6/Factory (discovered 3 exits: Fac x2 / Gar) -6/Garrison (discovered 2 exits: *Fac x2) -5/Factory -5/Garrison (discovered 3 exits: *Fac x3) -5/Factory -5/Garrison (discovered 3 exits: *Fac x3) -4/Factory -3/Research History --------- Turn | Location | Event 10 | -11/Scrapyard | Discovered new exit (range 14) 135 | -11/Scrapyard | Entered Materials 300 | -10/Materials | Build established: Mutant 399 | -10/Materials | Discovered new exit (range 14) 693 | -10/Materials | Discovered new exit (range 16) 860 | -10/Materials | Discovered new exit (range 14) 1067 | -10/Materials | Discovered new exit (range 13) 1099 | -10/Materials | Central database locked down 1099 | -10/Materials | Discovered new exit (range 15) 1120 | -10/Materials | Entered Mines 1126 | -10/Mines | Learned Materials terminal intel 1297 | -10/Mines | Learned Materials security intel 1529 | -10/Mines | Discovered new exit (range 5) 1733 | -10/Mines | Met a Derelict testing a Signal Generator 1739 | -10/Mines | Discovered new exit (range 11) 1740 | -10/Mines | Found Signal Generator 1942 | -10/Mines | Deemed a non-threat by the Exiles lab entrance 1942 | -10/Mines | Discovered new exit (range 5) 1947 | -10/Mines | Entered Exiles 1982 | -10/Exiles | Met 8R-AWN 2006 | -10/Exiles | Met EX-HEX 2045 | -10/Exiles | Met EX-BIN 2062 | -10/Exiles | Aligned with FarCom system 2064 | -10/Exiles | Given EX-Vault access code 2096 | -10/Exiles | Opened EX-Vault 2104 | -10/Exiles | Found Trap Reconfigurator 2136 | -10/Exiles | Warned to stay clear of 0b10 Research branches 2181 | -10/Exiles | Met EX-DEC 2188 | -10/Exiles | Learned location of Zion (-7) 2234 | -10/Exiles | Discovered new exit (range 12) 2248 | -10/Exiles | Left Exiles lab with Trap Reconfigurator 2248 | -10/Exiles | Entered Mines 2250 | -9/Mines | Assisted by bots powering up and referring to "LRC-V3" 2275 | -9/Mines | A weapon hastily lodged in a ceiling crevice suddenly fell to the ground 2622 | -9/Mines | Discovered new exit (range 16) 2647 | -9/Mines | Entered Materials 2647 | -8/Materials | Accompanied by 3 allies 2647 | -8/Materials | Evolved 4 slots: Propulsion x1, Utility x1, Weapon x2 2649 | -8/Materials | Loaded intel: 12 terminal locations 3211 | -8/Materials | Discovered new exit (range 13) 3373 | -8/Materials | Build established: Skirmisher 3549 | -8/Materials | Garrison activated, responded to threat 3689 | -8/Materials | Identified exit to Garrison 3689 | -8/Materials | Entered Garrison 3689 | -8/Garrison | Warlord forces raided the area 3841 | -8/Garrison | Triggered checkpoint 3884 | -8/Garrison | Learned Materials security intel 3919 | -8/Garrison | Garrison Relay disabled 4001 | -8/Garrison | Triggered checkpoint 4075 | -8/Garrison | Warlord forces retreated 4093 | -8/Garrison | Triggered checkpoint 4227 | -8/Garrison | Discovered new exit (range 11) 4267 | -8/Garrison | Triggered checkpoint 4292 | -8/Garrison | Garrison Relay disabled 4324 | -8/Garrison | Garrison Relay disabled 4393 | -8/Garrison | Triggered checkpoint 4439 | -8/Garrison | Triggered checkpoint 4567 | -8/Garrison | Garrison Relay disabled 4590 | -8/Garrison | Discovered new exit (range 8) 4604 | -8/Garrison | Installed Relay Interface Framework 4741 | -8/Garrison | Triggered checkpoint 4857 | -8/Garrison | Garrison Relay disabled 4890 | -8/Garrison | Discovered new exit (range 10) 4901 | -8/Garrison | Rescued a captive Derelict 4904 | -8/Garrison | Rescued a captive Derelict 4925 | -8/Garrison | Build established: Bothacker-Skirmisher 4989 | -8/Garrison | Entered Materials 4989 | -8/Materials | Accompanied by 2 allies 4989 | -8/Materials | Garrison activated, responded to threat 5058 | -8/Materials | Identified exit to Garrison 5058 | -8/Materials | Entered Garrison 5058 | -8/Garrison | Accompanied by 2 allies 5116 | -8/Garrison | Triggered checkpoint 5156 | -8/Garrison | Garrison Relay disabled 5226 | -8/Garrison | Triggered checkpoint 5226 | -8/Garrison | Triggered checkpoint 5520 | -8/Garrison | Triggered checkpoint 5538 | -8/Garrison | Triggered checkpoint 5615 | -8/Garrison | Expanded RIF knowledge: Alert ID Control 5659 | -8/Garrison | Discovered new exit (range 10) 5823 | -8/Garrison | Build established: Scavenger-Skirmisher 5881 | -8/Garrison | Garrison Relay disabled 6012 | -8/Garrison | Expanded RIF knowledge: Structural Interface 6060 | -8/Garrison | Rescued a captive Derelict 6062 | -8/Garrison | Rescued a captive Derelict 6186 | -8/Garrison | Garrison Relay disabled 6259 | -8/Garrison | P-60 Hacker assimilated allied JD-1NZ(h) 6346 | -8/Garrison | Phase Generator disabled 6374 | -8/Garrison | Garrison Relay disabled 6417 | -8/Garrison | Discovered new exit (range 10) 6445 | -8/Garrison | Entered Factory 6445 | -7/Factory | Evolved 2 slots: Utility x2 6519 | -7/Factory | Identified exit to DSF 6564 | -7/Factory | Build established: Bothacker-Skirmisher 6696 | -7/Factory | Identified exit to Garrison 7234 | -7/Factory | Found Prototype Launcher 7234 | -7/Factory | Identified Rocket Array 7423 | -7/Factory | Cargo convoy interrupted 7435 | -7/Factory | Identified exit to Garrison 7435 | -7/Factory | Entered Garrison 7443 | -7/Garrison | Triggered checkpoint 7445 | -7/Garrison | Triggered checkpoint 7505 | -7/Garrison | Garrison Relay disabled 7647 | -7/Garrison | Triggered checkpoint 7693 | -7/Garrison | Lost 4 allies 7710 | -7/Garrison | Lost 3 parts (1p1n1u) 7751 | -7/Garrison | Triggered checkpoint 7821 | -7/Garrison | Garrison Relay disabled 8031 | -7/Garrison | Lost 3 allies 8071 | -7/Garrison | Discovered new exit (range 56) 8071 | -7/Garrison | Discovered new exit (range 82) 8071 | -7/Garrison | Discovered new exit (range 68) 8268 | -7/Garrison | Garrison Relay disabled 8323 | -7/Garrison | Expanded RIF knowledge: Hotswap 8447 | -7/Garrison | Phase Generator disabled 8559 | -7/Garrison | Triggered checkpoint 8653 | -7/Garrison | Spotted B-75 Beast 8759 | -7/Garrison | Entered Factory 8759 | -6/Factory | Accompanied by 2 allies 8759 | -6/Factory | Evolved 2 slots: Utility x2 9109 | -6/Factory | First assault squad dispatched 9213 | -6/Factory | Discovered new exit (range 55) 9213 | -6/Factory | Discovered new exit (range 176) 9255 | -6/Factory | Spotted B-75 Beast 9261 | -6/Factory | Destroyed B-75 Beast 9271 | -6/Factory | Lost 3 allies 9416 | -6/Factory | Identified exit to Garrison 9416 | -6/Factory | Entered Garrison 9612 | -6/Garrison | Triggered checkpoint 9674 | -6/Garrison | Garrison Relay disabled 9794 | -6/Garrison | Triggered checkpoint 9930 | -6/Garrison | Triggered checkpoint 9966 | -6/Garrison | Discovered new exit (range 11) 10084 | -6/Garrison | Triggered checkpoint 10113 | -6/Garrison | Garrison Relay disabled 10301 | -6/Garrison | Triggered checkpoint 10332 | -6/Garrison | Triggered checkpoint 10409 | -6/Garrison | Build established: Bothacker-Gunner 10531 | -6/Garrison | Phase Generator disabled 10560 | -6/Garrison | Expanded RIF knowledge: Patrol Navigation 10670 | -6/Garrison | Expanded RIF knowledge: Command Fork 10694 | -6/Garrison | Triggered checkpoint 10748 | -6/Garrison | Garrison Relay disabled 10779 | -6/Garrison | Discovered new exit (range 15) 10865 | -6/Garrison | Entered Factory 10865 | -5/Factory | Accompanied by 3 allies 10865 | -5/Factory | Evolved 2 slots: Propulsion x1, Weapon x1 10920 | -5/Factory | Spotted B-75 Beast 10930 | -5/Factory | Allies destroyed B-75 Beast 11000 | -5/Factory | Garrison activated, responded to threat 11039 | -5/Factory | Build established: Bothacker-Skirmisher 11165 | -5/Factory | First assault squad dispatched 11501 | -5/Factory | Lost 4 allies 11923 | -5/Factory | Build established: Gunner 11961 | -5/Factory | Identified exit to Garrison 11969 | -5/Factory | Entered Garrison 12063 | -5/Garrison | Triggered checkpoint 12134 | -5/Garrison | Garrison Relay disabled 12180 | -5/Garrison | Spotted B-75 Beast 12183 | -5/Garrison | Triggered checkpoint 12187 | -5/Garrison | Triggered checkpoint 12253 | -5/Garrison | Lost 9 allies 12510 | -5/Garrison | Discovered new exit (range 10) 12587 | -5/Garrison | Triggered checkpoint 12704 | -5/Garrison | Garrison Relay disabled 12848 | -5/Garrison | Garrison Relay disabled 12859 | -5/Garrison | Triggered checkpoint 12900 | -5/Garrison | Discovered new exit (range 2) 12997 | -5/Garrison | Build established: Bothacker-Skirmisher 13165 | -5/Garrison | Triggered checkpoint 13246 | -5/Garrison | Discovered new exit (range 85) 13246 | -5/Garrison | Discovered new exit (range 84) 13246 | -5/Garrison | Discovered new exit (range 24) 13262 | -5/Garrison | Found embedded Infiltrators 13295 | -5/Garrison | Triggered checkpoint 13299 | -5/Garrison | Build established: Commander-Skirmisher 13345 | -5/Garrison | Garrison Relay disabled 13394 | -5/Garrison | Expanded RIF knowledge: Program Shield 13483 | -5/Garrison | Entered Factory 13483 | -5/Factory | Accompanied by 9 allies 13523 | -5/Factory | Garrison activated, responded to threat 13574 | -5/Factory | Identified exit to Garrison 13593 | -5/Factory | Entered Garrison 13593 | -5/Garrison | Accompanied by 9 allies 13675 | -5/Garrison | Found Relay Coupler [Proto] 13696 | -5/Garrison | Build established: Botlord-Skirmisher 13734 | -5/Garrison | Found embedded Infiltrators 13737 | -5/Garrison | Triggered checkpoint 13807 | -5/Garrison | Triggered checkpoint 13871 | -5/Garrison | Triggered checkpoint 13875 | -5/Garrison | Spotted B-75 Beast 13892 | -5/Garrison | Allies destroyed B-75 Beast 13911 | -5/Garrison | Triggered checkpoint 13941 | -5/Garrison | Garrison Relay disabled 13946 | -5/Garrison | Lost 5 allies 13956 | -5/Garrison | Spotted B-75 Beast 13960 | -5/Garrison | Destroyed B-75 Beast 14242 | -5/Garrison | Learned Factory security intel 14307 | -5/Garrison | Expanded RIF knowledge: Watcher Feeds 14319 | -5/Garrison | Triggered checkpoint 14321 | -5/Garrison | Discovered new exit (range 13) 14398 | -5/Garrison | Phase Generator disabled 14499 | -5/Garrison | Triggered checkpoint 14502 | -5/Garrison | Garrison Relay disabled 14755 | -5/Garrison | Triggered checkpoint 14781 | -5/Garrison | Triggered checkpoint 14883 | -5/Garrison | Triggered checkpoint 14992 | -5/Garrison | Garrison Relay disabled 15043 | -5/Garrison | Triggered checkpoint 15094 | -5/Garrison | Discovered new exit (range 2) 15172 | -5/Garrison | Spotted B-75 Beast 15175 | -5/Garrison | Spotted B-75 Beast 15184 | -5/Garrison | Destroyed B-75 Beast 15219 | -5/Garrison | Destroyed B-75 Beast 15237 | -5/Garrison | Lost 3 allies 15354 | -5/Garrison | Garrison Relay disabled 15501 | -5/Garrison | Triggered checkpoint 15565 | -5/Garrison | Discovered new exit (range 11) 15641 | -5/Garrison | Triggered checkpoint 15713 | -5/Garrison | Garrison Relay disabled 15880 | -5/Garrison | Entered Factory 15880 | -4/Factory | Accompanied by 12 allies 15880 | -4/Factory | Evolved 2 slots: Utility x2 16121 | -4/Factory | Fabricated Cargo Storage Unit (x1) 16130 | -4/Factory | First assault squad dispatched 16187 | -4/Factory | Build established: Botlord-Tank 16260 | -4/Factory | Lost 6 allies 16379 | -4/Factory | Lost 7 allies 16630 | -4/Factory | Found Prototype Device 16710 | -4/Factory | Discovered new exit (range 13) 16744 | -4/Factory | Entered Research 16744 | -3/Research | Evolved 2 slots: Utility x2 16771 | -3/Research | Found Unknown Protection 16771 | -3/Research | Identified Hvy. Insulated Plating 16775 | -3/Research | Found Hvy. Insulated Plating 16942 | -3/Research | Spotted B-86 Titan 16970 | -3/Research | Destroyed B-86 Titan 17007 | -3/Research | Lost 3 parts (1p1u1w) 17036 | -3/Research | First assault squad dispatched 17082 | -3/Research | Self-destructed Last Messages --------------- 17070_ M-13 Machinist repairs Imp. Antigrav System. 17070_ Acquired 6 matter. 17071_ Adv. Heavy Siege Treads destroyed. 17073_ >> Watcher Feeds: Established visual feed link with W-44 Eye. [Achievement: Oops] 17075_ Acquired 5 matter. 17076_ >> Watcher Feeds: Feed link from W-44 Eye lost. 17077_ >> Watcher Feeds: Established visual feed link with W-44 Eye. 17077_ Relay Coupler [Hunter] destroyed. 17078_ Acquired 4 matter. 17079_ >> Watcher Feeds: Feed link from W-44 Eye lost. [Achievement: 5k Club] [Achievement: 10k Club] [Achievement: 20k Club] [Achievement: 30k Club] Map ----- +----------------------------------------------------+ | ???????+ ???????????????????????????????????? | | ???????# #?????????##?????????????????????????? | | ???????# #????###? #?????????????????????????? | | ???????# ######"## ####??????????????????????? | | ???????# #?? ?????????????????? | | ???????# ! #? ??????????????????? | | ???????# #? ""?????????????????? | | ???????# =% " % """????????????????? | | ???????####/####% "" """????????????????? | | ????????? ?#% T ?????????????????? | | ??????? ## " ???????????????????? | | ????? # " p ###??????????????????? | | ????# # % """?????????????????? | | ????# ]# "???????????????????? | | ????# ! """ # =?????????????????????? | | ????# """ # p ??????????????????????? | | ????# """ # ??????????????????????? | | ????########### ??????????????????????? | | ??????????????# #???????????Y??????????? | | ??????????????# #??????????????????????? | | ??????????????# ##########?????????????? | | ??????????????# # #?????????????? | | ??????????????#^ " [ # #?????????????? | | ??????????????# "" #"" #?????????????? | | ???????###+##?# "" #"" #?????????????? | | ???????# #?# @#"Y #?????????????? | | ???????# #?# #"" #?????????????? | | ???????# #?# #"" #?????????????? | | ???????+ #?# + #?????????????? | | ???????# #?# # #?????????????? | | ???????# #?# !! ##################?????? | | ######## ### !! ######## ! #?????? | | !! # #?????? | | # ! #?????? | | # #?????? | | + !#?????? | | ###### #############+##### = # #?????? | | ?????# # # # #?????? | | ?????# # # # #?????? | | ?????#/#### ! ################?????? | | ???? ???# #????????????????????? | | ??? ???+ #????????????????????? | | ??# ????# #????????????????????? | | ??# ????# #????????????????????? | | ??###?????###################????????????????????? | | | | | | | | | | | +----------------------------------------------------+ Best States ------------- Heat Dissipation 77 Coolant Potential 100 Energy Generation 31 Energy Capacity 700 Matter Stores 300 Matter Capacity 300 Sight Range 16 Terrain Scan Range 16 Terrain Scan Density 10 Power Amplification 30 Armor Coverage 1200 Resistance: KI 30 Resistance: TH 15 Resistance: EM 30 Weapon Cycling 25 Evasion (%) 50 Targeting Accuracy 8 Recoil Reduction 4 Particle Charging 25 Offensive Hacking 10 Defensive Hacking 14 Relay Coupler Types 3 Relay Coupler Value 57 Item Schematics ----------------- Huge Storage Unit | -10/Materials | Hacked Imp. Grenade Launcher | -8/Materials | Scanalyzed Cargo Storage Unit | -5/Factory | Hacked Remote Datajack | -5/Factory | Scanalyzed Robot Schematics ------------------ None Fabricated ------------ Cargo Storage Unit | x1 | -4/Factory Alien Tech Used ----------------- None Achievements -------------- 10k Club 20k Club 30k Club 5k Club A New Friend Assimilation Complete Backstab Beloved Collateral Damage Dangerous Findings Dynamic Key Error 47 Factory Defaults Generalissimo Giant Slayer Infiltrator Just What I Needed Made in Tau Ceti IV More Dakka Please Novice Programmer Oh No You Don't! One Hack Too Far Oops Please Form A Line Prolific Hacker Pwned Remodeling Respectable Loadout Serviceable Loadout Significant Disruption Tank The More The Merrier Troublemaker Challenges ------------ None Game ------ Seed AlloyCorruptionNukerbomber Manual? 0 Play Time 04:01:01 Cumulative 4.4 hours Start 2024.08.17 @ 12:55:51 End 2024.08.17 @ 18:53:54 Sessions 2 Manual Loads 0 Difficulty Rogue Special Mode None Game No. 2 Rogue 2 Adventurer 0 Explorer 0 Win Type - Total 0 Types 0/0/0/0/0/0/0/0/0 Lore% 0 Gallery% 9 Achievement% 16 Wizard Run 0 Options --------- Layout 1 ASCII 0 Keyboard 0 Movement Numpad Keybinds 0 Fullscreen 0 Font 16/SmallcapsGlow Map View 50x35 Zoom Use 0% Tactical HUD 1 Map Filters NONE Filters NONE Steam 0 RUN: 9dfd1de8-3455-4892-a01e-654886e949ae